 Dungeon Crawl Stone Soup version 0.19-a0-147-g6f47703 (webtiles) character file.

14968 Kidiri the Arsonist (level 11, -2/74 HPs)
             Began as a High Elf Fire Elementalist on May 18, 2016.
             Was an Elder of Vehumet.
             Slain by a manticore (16 damage)
             ... on level 12 of the Dungeon.
             The game lasted 00:47:30 (18825 turns).

Kidiri the Arsonist (High Elf Fire Elementalist)   Turns: 18825, Time: 00:47:31

Health: -2/74      AC: 15    Str:  7    XL:     11   Next: 95%
Magic:  3/25       EV: 16    Int: 23    God:    Vehumet [****..]
Gold:   636        SH:  0    Dex: 16    Spells: 8 memorised, 3 levels left

rFire  + . .     SeeInvis .     r - +3 dagger (pierce)
rCold  . . .     Gourm    .     e - +3 leather armour
rNeg   . . .     Faith    .     (no shield)
rPois  +         Spirit   .     (helmet restricted)
rElec  .         Dismiss  .     m - +2 cloak
rCorr  .         Reflect  .     t - +1 pair of gloves
SustAt .         Harm     .     M - +2 pair of boots
MR     ++...                    (no amulet)
Stlth  ++........               x - ring of protection from magic
                                H - ring of protection from fire

@: manticore barbs, very resistant to hostile enchantments, unstealthy
A: horns 2, blurry vision 1, poison resistance
a: Renounce Religion


You were on level 12 of the Dungeon.
You worshipped Vehumet.
Vehumet was greatly pleased with you.
You were hungry.

You visited 3 branches of the dungeon, and saw 14 of its levels.

You collected 636 gold pieces.

Inventory:

Hand Weapons
 r - a +3 dagger of piercing (weapon)
Armour
 e - a +3 leather armour (worn)
 f - the +0 scale mail of Eternal Vigilance {rPois Int+2}
   (You found it on level 5 of the Dungeon)

   It affects your intelligence (+2).
   It protects you from poison.
 j - the +0 scale mail "Wys Gaho" {rN+ Str+4}
   (You found it on level 4 of the Dungeon)

   It affects your strength (+4).
   It protects you from negative energy.
 m - a +2 cloak (worn)
 t - a +1 pair of gloves (worn)
 y - a +2 leather armour of cold resistance
 J - a +0 shield
 M - a +2 pair of boots (worn)
Jewellery
 n - an uncursed ring of stealth
 x - a ring of protection from magic (right hand)
 H - a ring of protection from fire (left hand)
Wands
 d - a wand of disintegration (3/24)
 z - a wand of lightning (5/15)
 F - a wand of random effects (44/48)
 K - a wand of lightning (6/15)
 N - a wand of confusion (29/48)
Scrolls
 g - 3 scrolls of remove curse
 h - 2 scrolls of noise
 l - 2 scrolls of teleportation
 p - a scroll of immolation
Potions
 a - 2 potions of agility
 i - 2 potions of haste
 k - a potion of curing
 q - a potion of lignification
 s - a potion of cure mutation
 A - a potion of flight
 D - a potion of mutation {unknown}
 E - 3 potions of degeneration {unknown}
Books
 I - a book of the Tempests

   Spells                             Type                      Level
   a - Static Discharge               Conjuration/Air              3
   b - Lightning Bolt                 Conjuration/Air              5
   c - Fireball                       Conjuration/Fire             5
   d - Tornado                        Air                          9
   e - Shatter                        Earth                        9
Comestibles
 c - 8 bread rations
 v - 6 meat rations
 w - a slice of pizza


   Skills:
 + Level 6.6 Fighting
 + Level 5.8 Armour
 + Level 7.1 Dodging
 - Level 2.1 Stealth
 + Level 2.4 Shields
 + Level 9.1 Spellcasting
 + Level 7.1 Conjurations
 + Level 6.7 Hexes
 * Level 10.0 Fire Magic
 + Level 2.8 Air Magic


You had 3 spell levels left.
You knew the following spells:

 Your Spells              Type           Power        Failure   Level  Hunger
a - Flame Tongue          Conj/Fire      #####        1%          1    None
b - Throw Flame           Conj/Fire      ######       1%          2    None
c - Conjure Flame         Conj/Fire      ######..     1%          3    None
d - Inner Flame           Hex/Fire       #####...     1%          3    None
e - Sticky Flame          Conj/Fire      ######..     1%          4    ##.....
f - Fireball              Conj/Fire      ######....   2%          5    ####...
g - Searing Ray           Conj           #####.       1%          2    None
h - Lightning Bolt        Conj/Air       ####......   10%         5    ####...


Dungeon Overview and Level Annotations

Branches:
Dungeon (12/15)            Temple (1/1) D:6            Lair (1/8) D:9
    Orc: D:9-12

Altars:
Ashenzari
Cheibriados
Dithmenos
Elyvilon
Fedhas
Gozag
Kikubaaqudgha
Makhleb
Nemelex Xobeh
Okawaru
Pakellas
Qazlal
Ru
Sif Muna
Trog
Vehumet
Xom
Yredelemnul
Zin
The Shining One

Shops:
D:7 [   D:10 *

Annotations:
Lair:1 Fannar, Gastronok


Innate Abilities, Weirdness & Mutations

You have a pair of horns on your head.
Scrolls take you a little longer to read.
Your system is resistant to poisons.


Message History

Confirm with . or Enter, or press ? or * to list all spells.
Aiming: Sticky Flame
Press: ? - help, Shift-Dir - straight line, p - manticore You are feeling hungry.
The manticore bites you! The manticore claws you!
* * * LOW HITPOINT WARNING * * *
The manticore claws you but does no damage.
The centaur skeleton misses you.
Unknown command.
Casting: Sticky Flame
Confirm with . or Enter, or press ? or * to list all spells.
Aiming: Sticky Flame
Press: ? - help, Shift-Dir - straight line, f - centaur skeleton
Aim: a centaur skeleton The sticky flame hits the centaur skeleton.
The centaur skeleton is covered in liquid flames!
The centaur skeleton burns!
The centaur skeleton closely misses you.
The manticore bites you!
You die...

#.....##
#......## .
###.......###
..#....).......
.......[.....
.........#
#..)Z.# #.@.#
#.H## #..# ...#
...[. ......
.#.....
.........


You could see a manticore and a centaur skeleton (burning).

Vanquished Creatures
  Erolcha (D:8)
  Erica (D:11)
  2 unseen horrors
  Pikel (D:8)
  A cyclops (D:11)
  Joseph (D:8)
  Maurice (D:8)
  A komodo dragon (Lair:1)
  A two-headed ogre (D:11)
  Prince Ribbit (D:8)
  12 yaks
  7 orc warriors
  A vampire (D:10)
  A hippogriff (Lair:1)
  2 vampire mosquitoes (D:10)
  Edmund (D:4)
  Menkaure (D:6)
  A soldier ant (D:10)
  Duvessa (D:4)
  4 water moccasins (Lair:1)
  3 sky beasts (D:10)
  2 porcupines (Lair:1)
  2 slaves (D:8)
  A black bear (D:8)
  An ice beast (D:10)
  2 necrophages (D:10)
  7 ogres
  2 phantoms
  5 wolves (Lair:1)
  5 crocodiles
  9 centaurs
  A big kobold (D:10)
  5 giant frogs
  Dowan (D:4)
  3 scorpions
  9 killer bees
  9 wights
  2 howler monkeys
  5 crimson imps
  A giant frog zombie (D:11)
  3 jellies
  8 orc priests
  Crazy Yiuf (D:2)
  2 centaur skeletons
  3 giant frog skeletons
  2 hounds (D:4)
  14 orc wizards
  4 iguanas
  6 worker ants
  2 hound skeletons
  Robin (D:4)
  4 gnolls
  15 adders
  5 river rats (D:9)
  2 shadow imps
  2 adder skeletons
  An adder zombie (D:9)
  5 worms
  2 dart slugs
  8 giant geckos
  42 orcs
  5 giant cockroaches
  11 hobgoblins
  9 jackals
  15 kobolds
  10 quokkas
  A ball python (D:1)
  17 bats
  A giant cockroach zombie (D:6)
  A giant gecko skeleton (D:8)
  4 giant newts
  19 goblins
  19 rats
361 creatures vanquished.

Vanquished Creatures (others)
  2 slaves (D:8)
  6 orcs (D:8)
  A quokka (D:8)
  4 fungi (D:9)
13 creatures vanquished.

Grand Total: 374 creatures vanquished

Notes
Turn   | Place    | Note
--------------------------------------------------------------
     0 | D:1      | Kidiri the High Elf Fire Elementalist began the quest for the Orb.
     0 | D:1      | Reached XP level 1. HP: 11/11 MP: 4/4
   399 | D:1      | Reached XP level 2. HP: 18/18 MP: 3/6
   413 | D:1      | Learned a level 2 spell: Throw Flame
  1368 | D:2      | Reached XP level 3. HP: 22/22 MP: 4/8
  1443 | D:2      | Learned a level 3 spell: Inner Flame
  1540 | D:2      | Noticed Crazy Yiuf
  1753 | D:2      | Found a shimmering altar of Xom.
  2157 | D:2      | Reached skill level 1 in Hexes
  2270 | D:2      | Reached skill level 1 in Fighting
  2280 | D:2      | Reached XP level 4. HP: 24/28 MP: 5/9
  2288 | D:2      | Learned a level 3 spell: Conjure Flame
  2544 | D:2      | Killed Crazy Yiuf
  3283 | D:3      | Reached XP level 5. HP: 22/33 MP: 0/11
  3286 | D:3      | Reached skill level 4 in Fire Magic
  3412 | D:3      | Reached skill level 1 in Armour
  3697 | D:3      | Found a stormy altar of Qazlal.
  3791 | D:3      | Reached XP level 6. HP: 39/39 MP: 8/12
  3829 | D:3      | Noticed an air elemental
  3829 | D:3      | Noticed a fire elemental
  3829 | D:3      | Noticed a water elemental
  4236 | D:3      | Found a glowing golden altar of the Shining One.
  4731 | D:3      | Learned a level 4 spell: Sticky Flame
  5359 | D:4      | Noticed Edmund
  5931 | D:4      | Noticed Duvessa
  5934 | D:4      | Noticed Dowan
  5947 | D:4      | Killed Duvessa
  5947 | D:4      | Reached XP level 7. HP: 45/45 MP: 0/14
  6547 | D:4      | Reached skill level 5 in Fire Magic
  6693 | D:4      | Killed Dowan
  6825 | D:4      | Noticed Robin
  6834 | D:4      | Killed Robin
  7218 | D:4      | Got a pitted scale mail
  7229 | D:4      | Identified the +0 scale mail "Wys Gaho" {rN+ Str+4} (You found it on level 4 of the Dungeon)
  7392 | D:4      | Killed Edmund
  7392 | D:4      | Reached skill level 5 in Spellcasting
  7505 | D:4      | Reached XP level 8. HP: 50/51 MP: 9/16
  7704 | D:5      | Entered Level 5 of the Dungeon
  7866 | D:4      | Learned a level 5 spell: Fireball
  8297 | D:5      | Got a topaz-encrusted scale mail
  8308 | D:5      | Identified the +0 scale mail of Eternal Vigilance {rPois Int+2} (You found it on level 5 of the Dungeon)
  8646 | D:5      | Reached skill level 6 in Fire Magic
  8962 | D:5      | Found a sparkling altar of Nemelex Xobeh.
  8967 | D:5      | Found a sacrificial altar of Ru.
  9202 | D:6      | Noticed Menkaure
  9207 | D:6      | Killed Menkaure
  9277 | D:6      | Noticed an unseen horror
  9282 | D:6      | Killed an unseen horror
  9282 | D:6      | Reached XP level 9. HP: 28/58 MP: 11/19
  9738 | D:6      | Found an iron altar of Okawaru.
  9741 | D:6      | Found a stormy altar of Qazlal.
  9744 | D:6      | Found a radiant altar of Vehumet.
  9749 | D:6      | Became a worshipper of Vehumet
 10026 | D:6      | Found a staircase to the Ecumenical Temple.
 10445 | Temple   | Entered the Ecumenical Temple
 10844 | D:7      | Reached skill level 5 in Dodging
 10918 | D:7      | Found Bekurr's Antique Armour Emporium.
 11072 | D:7      | Reached skill level 7 in Fire Magic
 11175 | D:7      | Reached * piety under Vehumet
 11175 | D:7      | Offered knowledge of Magic Dart by Vehumet.
 11589 | D:8      | Reached skill level 5 in Conjurations
 11591 | D:8      | Noticed Pikel
 11605 | D:8      | Killed Pikel
 11689 | D:8      | Noticed Joseph
 11800 | D:8      | Noticed Erolcha
 11809 | D:8      | Killed Joseph
 11809 | D:8      | Reached skill level 5 in Hexes
 11809 | D:8      | Reached XP level 10. HP: 34/65 MP: 11/22
 11813 | D:8      | Killed Erolcha
 12166 | D:8      | Reached skill level 8 in Fire Magic
 12224 | D:8      | Reached skill level 5 in Fighting
 12532 | D:8      | Noticed Prince Ribbit
 12533 | D:8      | Noticed Maurice
 13048 | D:8      | Killed Maurice
 13203 | D:8      | Killed Prince Ribbit
 13456 | D:8      | Found an oddly glowing altar of Pakellas.
 13604 | D:9      | Offered knowledge of Freeze by Vehumet.
 13627 | D:9      | Reached ** piety under Vehumet
 13991 | D:9      | Reached skill level 5 in Armour
 14133 | D:9      | Offered knowledge of Searing Ray by Vehumet.
 14168 | D:9      | Reached skill level 9 in Fire Magic
 14413 | D:9      | Learned a level 2 spell: Searing Ray
 14504 | D:9      | Identified a -3 rod of ignition (11/11) (You found it on level 9 of the Dungeon)
 14701 | D:9      | Found a staircase to the Lair.
 14707 | D:9      | Reached XP level 11. HP: 72/72 MP: 19/24
 14842 | Lair:1   | Entered Level 1 of the Lair of Beasts
 14879 | Lair:1   | Reached *** piety under Vehumet
 14990 | Lair:1   | Learned a level 5 spell: Lightning Bolt
 15616 | Lair:1   | Reached skill level 1 in Shields
 15787 | Lair:1   | Noticed Fannar
 15787 | Lair:1   | Noticed Gastronok
 15833 | D:10     | Entered Level 10 of the Dungeon
 15931 | D:10     | Found a glowing golden altar of the Shining One.
 15931 | D:10     | Found Bor Ises's Hallowed Reliquary.
 15931 | D:10     | Noticed an angel
 15964 | D:10     | Reached skill level 1 in Air Magic
 15984 | D:10     | Offered knowledge of Mephitic Cloud by Vehumet.
 16046 | D:10     | Gained mutation: Scrolls take you a little longer to read. [mutagenic meat]
 16047 | D:10     | Gained mutation: You are agile. (Dex +2) [mutagenic meat]
 16048 | D:10     | Gained mutation: Your system is resistant to poisons. [mutagenic meat]
 16049 | D:10     | Gained mutation: You have a pair of small horns on your head. [mutagenic meat]
 16050 | D:10     | Lost mutation: You are agile. (Dex +2) [mutagenic meat]
 16658 | D:10     | Reached **** piety under Vehumet
 16845 | D:10     | Offered knowledge of Fulminant Prism by Vehumet.
 17997 | D:11     | Noticed Erica
 18019 | D:11     | Gained mutation: You have a pair of horns on your head. [potion of beneficial mutation]
 18167 | D:11     | Killed Erica
 18169 | D:11     | Noticed an unseen horror
 18171 | D:11     | Killed an unseen horror
 18171 | D:11     | Reached skill level 10 in Fire Magic
 18825 | D:12     | Slain by a manticore

Vault maps used:
D:1:      lemuel_arrival_cross
D:2:      xom_teletrap_fun, minmay_misc_feat_iff, uniq_crazy_yiuf_cottage
D:3:      tso_metal_star, nicolae_qazlal_style_of_elements
D:4:      first_bread, uniq_edmund, uniq_duvessa, uniq_robin
D:5:      grunt_temple_overflow_open
D:6:      grunt_temple_overflow_diamond, uniq_menkaure
D:7:      serial_shops, shop
D:8:      kennysheep_mini_moat, uniq_pikel, uniq_joseph, uniq_maurice,
          uniq_prince_ribbit1, uniq_erolcha
D:9:      grunt_lair_entry_orc_guard_hut, grunt_pizzeria
D:10:     nicolae_good_shop
D:11:     uniq_erica
D:12:     orc_0_dummy, minmay_nine_imps, uniq_josephine
Temple:   chambers_temple_12
Lair:1:   infiniplex_staircase_pool, uniq_fannar, uniq_gastronok

Skill      XL: |  1  2  3  4  5  6  7  8  9 10 11 |
---------------+----------------------------------+-----
Spellcasting   | 3 4 5 6 7 8 9 |  9.1
Hexes          | 1 2 3 5 6 |  6.7
Fighting       | 1 2 4 5 6 |  6.6
Conjurations   | 2 3 4 5 6 7 |  7.1
Fire Magic     | 4 5 6 7 9 10 | 10.0
Armour         | 1 2 3 4 5 |  5.8
Dodging        | 3 4 5 6 7 |  7.1
Shields        | 2 |  2.4
Air Magic      | 2 |  2.8
Stealth        | |  2.1

Action                   |  1- 3 |  4- 6 |  7- 9 | 10-12 || total
-------------------------+-------+-------+-------+-------++-------
Melee: Unarmed           |     1 |       |       |       ||     1
       Short sword       |    22 |    65 |     8 |       ||    95
       Hand axe          |     6 |       |       |       ||     6
       Dagger            |       |       |   279 |   263 ||   542
       Headbutt          |       |       |       |    17 ||    17
 Cast: Flame Tongue      |    49 |   115 |   130 |   151 ||   445
       Throw Flame       |    17 |    17 |    33 |    51 ||   118
       Conjure Flame     |       |     4 |     5 |     6 ||    15
       Sticky Flame      |       |     1 |    17 |    69 ||    87
       Inner Flame       |       |       |     3 |     3 ||     6
       Fireball          |       |       |     3 |    11 ||    14
       Lightning Bolt    |       |       |       |     2 ||     2
  Use: Potion            |       |     4 |       |     7 ||    11
       Scroll            |       |     1 |    10 |    15 ||    26
 Stab: Sleeping          |     4 |     5 |    12 |     5 ||    26
  Eat: Chunk             |     4 |     8 |    11 |    16 ||    39
       Fruit             |       |     4 |       |       ||     4
       Beef jerky        |       |     1 |       |     1 ||     2
       Pizza             |       |       |     1 |    10 ||    11
       Bread ration      |       |       |     1 |       ||     1
       Meat ration       |       |       |     1 |       ||     1
       Royal jelly       |       |       |       |     1 ||     1
Armor: Robe              |     6 |     3 |       |       ||     9
       Leather armour    |       |    23 |   151 |   170 ||   344
Dodge: Dodged            |    40 |    76 |   221 |   303 ||   640
